 Dungeon Crawl Stone Soup version 0.32-a0-981-g384da2ce10 (webtiles) character file.

Game seed: 10281774704746898889

196 DasBelly the Firebug (level 5, 0/28 HPs)
             Began as a Deep Elf Fire Elementalist on Apr 21, 2024.
             Incinerated by a bombardier beetle (6 damage)
             ... with a burning spray
             ... on level 3 of the Dungeon.
             The game lasted 00:05:29 (1850 turns).

DasBelly the Firebug (Deep Elf Fire Elementalist)   Turns: 1850, Time: 00:05:30

Health: 0/28       AC:  2    Str:  5    XL:     5   Next: 46%
Magic:  9/11       EV: 11    Int: 22    God:
Gold:   104        SH:  0    Dex: 15    Spells: 4/10 levels left

rFire   . . .        m - +4 dagger
rCold   . . .        (no shield)
rNeg    . . .        a - +0 robe
rPois   .            (no helmet)
rElec   .            (no cloak)
rCorr   .            (no gloves)
SInv    .            (no boots)
Will    .....        (no amulet)
Stlth   +            (no ring)
HPRegen 0.24/turn    (no ring)
MPRegen 0.12/turn

%: no passive effects
@: on fire, glowing
A: no striking features
a: no special abilities


You were on level 3 of the Dungeon.
You visited 1 branch of the dungeon, and saw 3 of its levels.

You collected 104 gold pieces.

Inventory:

Hand Weapons
 m - a +4 dagger (weapon)
Armour
 a - a +0 robe (worn)
Magical Staves
 c - a staff of cold
 q - a staff of alchemy
Scrolls
 d - a scroll of identify {unknown}
 e - 2 scrolls of teleportation {unknown}
 g - a scroll of enchant armour {unknown}
 h - a scroll of revelation {unknown}
 i - a scroll of immolation {unknown}
 j - a scroll of brand weapon {unknown}
Potions
 b - a potion of magic
 f - a potion of lignification {unknown}
 k - a potion of ambrosia {unknown}
 l - a potion of resistance {unknown}
 n - a potion of mutation {unknown}
 o - a potion of haste {unknown}
 p - a potion of degeneration {unknown}


   Skills:
 - Level 2.5 Dodging
 - Level 2.5 Stealth
 - Level 3.0 Spellcasting
 + Level 4.1 Conjurations
 + Level 5.3 Fire Magic


You had 4 spell levels left.
You knew the following spells:

 Your Spells              Type           Power      Damage    Failure   Level
a - Foxfire               Conj/Fire      96%        2x1d8     1%          1
b - Scorch                Fire           52%        2d7       1%          2
c - Inner Flame           Hex/Fire       15%        N/A       12%         3

Your spell library contained the following spells:

 Spells                   Type           Power      Damage    Failure   Level
 Volatile Blastmotes      Fire/Tloc      30%        2d12      12%         3
 Flame Wave               Conj/Fire      24%        2d8       17%         4


Dungeon Overview and Level Annotations

Branches:
Dungeon (3/15)

Altars:
Cheibriados


Message History

A bombardier beetle is nearby!
Casting: Foxfire (safe; 1% risk of failure)
Confirm with . or Enter, or press ? or * to list all spells.
You conjure some foxfire!
The foxfire hits the bombardier beetle.
The bombardier beetle is moderately wounded.
Casting: Foxfire (safe; 1% risk of failure)
Confirm with . or Enter, or press ? or * to list all spells.
You can't see any susceptible monsters within range! (Use Z to cast anyway.)
Casting: Foxfire (safe; 1% risk of failure)
Confirm with . or Enter, or press ? or * to list all spells.
You conjure some foxfire!
The foxfire hits the bombardier beetle.
The bombardier beetle is heavily wounded.
The foxfire hits the bombardier beetle.
The bombardier beetle is almost dead.
Casting: Foxfire (safe; 1% risk of failure)
Confirm with . or Enter, or press ? or * to list all spells.
You can't see any susceptible monsters within range! (Use Z to cast anyway.)
Casting: Foxfire (safe; 1% risk of failure)
Confirm with . or Enter, or press ? or * to list all spells.
You conjure some foxfire!
The foxfire hits the bombardier beetle.
The bombardier beetle is almost dead.
The bombardier beetle sprays incendiary fluid at you.
The burning spray hits you.
You are covered in liquid fire!
The liquid fire burns you!
The foxfire hits the bombardier beetle.
You kill the bombardier beetle!
Your Conjurations skill increases to level 4!
The liquid fire burns you!
You are on fire!
Unknown command.
The liquid fire burns you!
Your foxfire dissipates!
The liquid fire burns you! The liquid fire burns you!
* * * LOW HITPOINT WARNING * * *
You are on fire!
The liquid fire burns you!
You die...

#######.# # #.# #
#.##############
#######..............#
....(..........#####.#
##############.#...#.#
#.....#.#
################.###.#
...........†....@....#
################<#####
###


There were no monsters in sight!

Vanquished Creatures
  A bombardier beetle (D:3)
  Jessica (D:1)
  Natasha (thrice) (D:2)
  2 adders (D:2)
  A dart slug (D:2)
  An orc (D:2)
  7 ball pythons
  3 endoplasms
  5 hobgoblins
  6 jackals (D:2)
  4 quokkas
  2 bats (D:2)
  A frilled lizard (D:2)
  5 kobolds
  2 rats (D:1)
44 creatures vanquished.

Vanquished Creatures (others)
  114 foxfires
114 creatures vanquished.

Grand Total: 158 creatures vanquished

Notes
Turn   | Place    | Note
-------+----------+-------------------------------------------
     0 | D:1      | DasBelly the Deep Elf Fire Elementalist began the quest for
                  | the Orb.
     0 | D:1      | Reached XP level 1. HP: 10/10 MP: 6/6
   181 | D:1      | Reached XP level 2. HP: 15/15 MP: 4/8
   578 | D:2      | Noticed Natasha
   578 | D:2      | Noticed Jessica
   584 | D:1      | Killed Jessica
   585 | D:1      | Reached skill level 4 in Fire Magic
   585 | D:1      | Reached XP level 3. HP: 19/19 MP: 5/9
   624 | D:1      | Learned a level 2 spell: Scorch
   628 | D:1      | Learned a level 3 spell: Inner Flame
   669 | D:2      | Killed Natasha
   670 | D:2      | Reached XP level 4. HP: 24/24 MP: 5/10
   783 | D:2      | Noticed Natasha
   798 | D:2      | Killed Natasha
   892 | D:2      | Found a snail-covered altar of Cheibriados.
  1313 | D:2      | Reached XP level 5. HP: 28/28 MP: 9/11
  1345 | D:2      | Reached skill level 5 in Fire Magic
  1546 | D:2      | Noticed Natasha
  1552 | D:2      | Killed Natasha
  1850 | D:3      | Incinerated by a bombardier beetle

Illustrated notes

Levels and vault maps discovered:
D:1:      scummos_arrival_simple_crosswalls, layout_rooms, dk_noncrumbling_3
D:2:      layout_loops_ring, basic_altar, uniq_natasha, uniq_jessica
D:3:      layout_basic, amcnicky_altar_gilded,
          mainiacjoe_overflow_catch_the_wave, minmay_lizard_king

Skill      XL: |  1  2  3  4  5 |
---------------+----------------+-----
Conjurations   | 2 3 4 |  4.1
Fire Magic     | 4 5 |  5.3
Dodging        | |  2.5
Stealth        | |  2.5
Spellcasting   | |  3.0

Action                     |  1- 3 |  4- 6 || total
---------------------------+-------+-------++-------
  Melee: Dagger            |       |     1 ||     1
   Cast: Foxfire           |    34 |    36 ||    70
         Scorch            |       |     5 ||     5
         Inner Flame       |       |     1 ||     1
 Armour: Robe              |     6 |     9 ||    15
  Dodge: Dodged            |     6 |     8 ||    14

Table legend: (Time is in decaauts)
 A = Elapsed time spent in this place.
 B = Non-inter-level travel time spent in this place.
 C = Inter-level travel time spent in this place.
 D = Time resting spent in this place.
 E = Time spent auto-exploring this place.
 F = Levels seen in this place.
 G = Mean time per level.
                   A        B        C        D        E       F      G
               +--------+--------+--------+--------+--------+-----+--------+
         Total |   1850 |   1757 |     93 |    113 |   1317 |   3 |  616.7 |
       Dungeon |   1850 |   1757 |     93 |    113 |   1317 |   3 |  616.7 |
               +--------+--------+--------+--------+--------+-----+--------+

Top non-repeatable levels by time:
     D:2: 1058 daAuts
     D:1: 636 daAuts
     D:3: 155 daAuts
